 Dungeon Sprint DCSS version 0.29-a0-721-g7f417c9bbb (webtiles) character file.

Game seed: 10328671527183619441

1143 mhtbhm the Unseen (level 8, -10/39 HPs)
             Began as a Spriggan Enchanter on June 27, 2022.
             Was a Believer of Dithmenos.
             Mangled by a spatial vortex (21 damage)
             ... in the Dungeon (Sprint III: "The Ten Rune Challenge").
             The game lasted 00:03:04 (464 turns).

mhtbhm the Unseen (Spriggan Enchanter)               Turns: 464, Time: 00:03:04

Health: -10/39     AC:  3    Str:  4    XL:     8   Next: 15%
Magic:  21/21      EV: 21    Int: 16    God:    Dithmenos [**....]
Gold:   13         SH:  0    Dex: 18    Spells: 12/23 levels left

rFire   . . .      SeeInvis +   a - +1 dagger
rCold   . . .      Faith    .   (no shield)
rNeg    . . .      Spirit   .   b - +0 robe
rPois   .          Reflect  .   (helmet restricted)
rElec   .          Harm     .   h - +0 cloak
rCorr   .          Rampage  .   (gloves unavailable)
Will    +....      NoTele   +   (boots unavailable)
Stlth   ++++++++..              (no amulet)
HPRegen 0.13/turn               (no ring)
MPRegen 0.17/turn               (no ring)

@: wreathed by umbra, very quick
A: very small, no large weapons, unfitting armour, see invisible, speed 3
a: Renounce Religion, Shadow Step


You were in the Dungeon.
You worshipped Dithmenos.
Dithmenos was pleased with you.
You visited 1 branch You collected 13 gold pieces.

Inventory:

Hand Weapons
 a - a +1 dagger (weapon)
Armour
 b - a +0 robe (worn)
 h - a +0 cloak (worn)
Wands
 q - a wand of mindburst (9)
Scrolls
 i - a scroll of blinking
 j - a scroll of amnesia {unknown}
 k - 2 scrolls of torment {unknown}
 l - a scroll of poison {unknown}
 m - a scroll of fear {unknown}
Potions
 c - 2 potions of invisibility
 d - 3 potions of curing
 e - a potion of heal wounds
 f - a potion of haste
 g - 2 potions of magic
 n - 2 potions of might
 o - a potion of degeneration {unknown}
 p - 4 potions of mutation
 r - a potion of berserk rage


   Skills:
 + Level 2.4 Fighting
 + Level 6.6 Short Blades
 + Level 6.4 Dodging
 + Level 15.7 Stealth
 + Level 8.2 Spellcasting
 + Level 11.1 Hexes
 * Level 6.0 Invocations


You had 12 spell levels left.
You knew the following spells:

 Your Spells              Type           Power      Damage    Failure   Level
a - Ensorcelled Hibernat  Hex/Ice        48%        N/A       1%          2
b - Confusing Touch       Hex            42%        N/A       1%          3
c - Tukima's Dance        Hex            42%        N/A       1%          3
d - Dazzling Flash        Conj/Hex       48%        N/A       3%          3

Your spell library contained the following spells:

 Spells                   Type           Power      Damage    Failure   Level
 Apportation              Tloc           12%        N/A       11%         1
 Necrotize                Necr           24%        1d5       11%         1
 Summon Small Mammal      Summ           24%        N/A       11%         1
 Sublimation of Blood     Necr           6%         N/A       17%         2
 Petrify                  Tmut/Erth      6%         N/A       73%         4
 Irradiate                Conj/Tmut      3%         3d14      97%         5


Dungeon Overview and Level Annotations

Branches:
Dungeon (1/1)

Altars:
Cheibriados
Dithmenos
Elyvilon
Fedhas
Gozag
Hepliaklqana
Kikubaaqudgha
Makhleb
Nemelex Xobeh
Okawaru
Qazlal
Ru
Sif Muna
Trog
Uskayaw
Vehumet
Wu Jian
Xom
Yredelemnul
Zin
The Shining One
Beogh
Jiyva
Lugonu


Innate Abilities, Weirdness & Mutations

You are very small and have problems with some larger weapons.
You are too small for most types of armour.
You have supernaturally acute eyesight. (SInv)
You cover ground extremely quickly. (Speed+++)


Message History

Your Spellcasting skill increases to level 8!
r - a potion of berserk rage
Things that are here:
a +0 hand axe; a human corpse
n - 2 potions of might (gained 1)
There is an ornate altar of the Wu Jian Council, spattered with blood here.
Things that are here:
a +1 chain mail of cold resistance; a human corpse
There is a roughly hewn altar of Beogh here.
There is an open door here.
You open the door.
A jelly comes into view.
A shadow comes into view.
There is an open door here.
The helpless shadow fails to defend itself.
You perforate the shadow like a sieve!!!!
You destroy the shadow!
Dithmenos accepts your kill.
You can now step into the shadows of nearby creatures.
Your Hexes skill increases to level 11!
You have reached level 8!
The helpless jelly fails to defend itself.
You spit the jelly like a pig!!!!
You kill the jelly!
Dithmenos accepts your kill.
Your Invocations skill increases to level 6!
Unknown command.
You open the door.
A spatial vortex comes into view.
Found a blossoming altar of Fedhas and a stormy altar of Qazlal.
Found a box of beasts.
Found eight altars.
The spatial vortex completely misses you.
There is an open door here.
You barely miss the spatial vortex. The spatial vortex hits you!!
Ouch! That really hurt!
* * * LOW HITPOINT WARNING * * *
Space warps horribly around you!!
Ouch! That really hurt!
You die...

...≈.♣♣♣♣.###'#'###'##
..≈≈♣.♣♣..#..........#
.≈≈≈≈.♣...'.⌠........#
.≈≈≈≈≈≈.♣.#...######'#
≈≈≈≈≈≈..†.#.⌠.#__#...#
≈≈≈≈≈.....#...#__#...#
≈≈≈.......#'###__#...#
..........#.))#v_#...+
..........#___#_@'...#
▓▓▓▓▓▓▓▓▓▓▓▓▓▓▓▓▓▓▓▓▓▓


You could see a spatial vortex.

Vanquished Creatures
  A deep elf pyromancer (D)
  A shadow (D)
  A necrophage (D)
  A water elemental (D)
  A jelly (D)
  Crazy Yiuf (D)
  A necromancer (D)
  A wizard (D)
  3 humans (D)
  A kobold demonologist (D)
  An endoplasm (D)
  3 rats (D)
16 creatures vanquished.

Notes
Turn   | Place    | Note
-------+----------+-------------------------------------------
     0 | D        | mhtbhm the Spriggan Enchanter began the quest for the Orb.
     0 | D        | Reached XP level 1. HP: 9/9 MP: 5/5
   109 | D        | Noticed Crazy Yiuf
   124 | D        | Killed Crazy Yiuf
   125 | D        | Reached skill level 6 in Stealth
   125 | D        | Reached skill level 5 in Hexes
   125 | D        | Reached XP level 2. HP: 14/14 MP: 8/8
   125 | D        | Reached XP level 3. HP: 17/17 MP: 9/9
   190 | D        | Learned a level 2 spell: Ensorcelled Hibernation
   194 | D        | Learned a level 3 spell: Confusing Touch
   198 | D        | Learned a level 3 spell: Tukima's Dance
   336 | D        | Learned a level 3 spell: Dazzling Flash
   346 | D        | Noticed a water elemental
   348 | D        | Killed a water elemental
   349 | D        | Reached skill level 8 in Stealth
   349 | D        | Reached skill level 5 in Spellcasting
   349 | D        | Reached XP level 4. HP: 21/21 MP: 12/12
   360 | D        | Found a shadowy altar of Dithmenos.
   360 | D        | Noticed a necrophage
   361 | D        | Found a basalt altar of Yredelemnul.
   361 | D        | Found a sacrificial altar of Ru.
   362 | D        | Killed a necrophage
   363 | D        | Reached skill level 1 in Fighting
   363 | D        | Reached skill level 5 in Dodging
   363 | D        | Reached skill level 9 in Stealth
   363 | D        | Reached XP level 5. HP: 25/25 MP: 14/14
   364 | D        | Reached skill level 10 in Stealth
   367 | D        | Became a worshipper of Dithmenos the Shadowed
   384 | D        | Found a radiant altar of Vehumet.
   385 | D        | Found a shimmering blue altar of Sif Muna.
   385 | D        | Found an ancient bone altar of Kikubaaqudgha.
   387 | D        | Reached skill level 1 in Invocations
   403 | D        | Found a glowing silver altar of Zin.
   404 | D        | Found a glowing golden altar of the Shining One.
   404 | D        | Found a white marble altar of Elyvilon.
   404 | D        | Noticed a deep elf pyromancer
   406 | D        | Killed a deep elf pyromancer
   406 | D        | Reached * piety under Dithmenos
   407 | D        | Reached skill level 14 in Stealth
   407 | D        | Reached skill level 10 in Hexes
   407 | D        | Reached XP level 6. HP: 30/30 MP: 14/17
   407 | D        | Reached XP level 7. HP: 35/35 MP: 15/19
   435 | D        | Found a hide-covered altar of Uskayaw.
   435 | D        | Found an iron altar of Okawaru.
   436 | D        | Found a bloodstained altar of Trog.
   436 | D        | Found an ornate altar of the Wu Jian Council.
   436 | D        | Noticed a human
   436 | D        | Noticed a human
   438 | D        | Killed a human
   439 | D        | Reached skill level 5 in Invocations
   439 | D        | Killed a human
   440 | D        | Reached skill level 15 in Stealth
   452 | D        | Noticed a shadow
   454 | D        | Killed a shadow
   454 | D        | Reached ** piety under Dithmenos
   455 | D        | Reached XP level 8. HP: 39/39 MP: 21/21
   461 | D        | Found a blossoming altar of Fedhas.
   461 | D        | Found a stormy altar of Qazlal.
   462 | D        | Found a snail-covered altar of Cheibriados.
   462 | D        | Found a burning altar of Makhleb.
   462 | D        | Found a hazy altar of Hepliaklqana.
   462 | D        | Found a shimmering altar of Xom.
   462 | D        | Found an opulent altar of Gozag.
   462 | D        | Found a sparkling altar of Nemelex Xobeh.
   462 | D        | Found a corrupted altar of Lugonu.
   462 | D        | Found a viscous altar of Jiyva.
   464 | D        | Mangled by a spatial vortex

Illustrated notes

Levels and vault maps discovered:
D:        dungeon_sprint_mu [sprint_mu_entry_forest, sprint_mu_temple_rooms,
          sprint_mu_d1_horrors, sprint_mu_d2_genie, sprint_mu_d3_branching,
          sprint_mu_orc_legion, sprint_mu_elf_gauntlet, sprint_mu_hive_nellie,
          sprint_mu_lair_fedhas, sprint_mu_vaults_butterflies,
          sprint_mu_slime_circle, sprint_mu_swamp_cave, sprint_mu_shoals_archi,
          sprint_mu_blade_basic, sprint_mu_crypt_fortress,
          sprint_mu_tomb_spiral, sprint_mu_vestibule_basic,
          sprint_mu_gehenna_hellfire, sprint_mu_dis_giant,
          sprint_mu_tartarus_statrot, sprint_mu_cocytus_islands, sprint_mu_zot1]

Skill      XL: |  1  2  3  4  5  6  7  8 |
---------------+-------------------------+-----
Spellcasting   | 4 5 7 8 |  8.2
Hexes          | 5 7 8 10 11 | 11.1
Short Blades   | 2 3 4 6 |  6.6
Dodging        | 3 4 5 6 |  6.4
Stealth        | 6 8 9 14 15 | 15.7
Fighting       | 1 2 |  2.4
Invocations    | 4 5 6 |  6.0

Action                   |  1- 3 |  4- 6 |  7- 9 || total
-------------------------+-------+-------+-------++-------
Melee: Dagger            |    25 |     5 |     5 ||    35
 Cast: Confusing Touch   |     1 |       |       ||     1
  Use: Potion            |     1 |       |       ||     1
 Stab: Sleeping          |     3 |     5 |     4 ||    12
Armor: Robe              |     2 |       |       ||     2
Dodge: Dodged            |    12 |       |     1 ||    13

Table legend: (Time is in decaauts)
 A = Elapsed time spent in this place.
 B = Non-inter-level travel time spent in this place.
 C = Inter-level travel time spent in this place.
 D = Time resting spent in this place.
 E = Time spent auto-exploring this place.
 F = Levels seen in this place.
 G = Mean time per level.
                   A        B        C        D        E       F      G
               +--------+--------+--------+--------+--------+-----+--------+
         Total |    382 |    382 |      0 |    187 |      4 |   1 |  382.0 |
       Dungeon |    382 |    382 |      0 |    187 |      4 |   1 |  382.0 |
               +--------+--------+--------+--------+--------+-----+--------+

Top non-repeatable levels by time:
       D: 382 daAuts
